 Dungeon Crawl Stone Soup version 0.31-a0-986-g5e6e4ef867 (webtiles) character file.

Game seed: 7974132790395401313

21 FakeRyeBread the Shield-Bearer (level 2, -4/19 HPs)
             Began as a Gargoyle Fighter on Nov 8, 2023.
             Slain by Terence
             ... wielding a +3 short sword of venom
              (6 damage)
             ... on level 2 of the Dungeon.
             The game lasted 00:02:06 (777 turns).

FakeRyeBread the Shield-Bearer (Gargoyle Fighter)    Turns: 777, Time: 00:02:07

Health: -4/19      AC:  9    Str: 19    XL:     2   Next: 83%
Magic:  2/2        EV:  9    Int:  8    God:
Gold:   58         SH:  4    Dex:  9    Spells: 1/1 levels left

rFire   . . .        a - +0 flail
rCold   . . .        c - +0 buckler
rNeg    + . .        b - +0 scale mail
rPois   ∞            (no helmet)
rElec   +            (no cloak)
rCorr   .            (no gloves)
SInv    .            (no boots)
Will    +....        (no amulet) Stlth
                     i - ring of willpower
HPRegen 0.23/turn    (no ring)
MPRegen 0.08/turn

%: no passive effects
@: no status effects
A: sickness immunity, AC +2, negative energy resistance 1, electricity
resistance, torment resistance 1, petrification resistance
a: no special abilities


You were on level 2 of the Dungeon.
You visited 1 branch of the dungeon, and saw 2 of its levels.

You collected 58 gold pieces.

Inventory:

Hand Weapons
 a - a +0 flail (weapon)
Armour
 b - a +0 scale mail (worn)
 c - a +0 buckler (worn)
Jewellery
 i - a ring of willpower (left hand)
Scrolls
 e - a scroll of fear {unknown}
 h - a scroll of revelation {unknown}
 j - a scroll of acquirement {unknown}
 k - a scroll of teleportation {unknown}
Potions
 d - a potion of might
 f - a potion of curing {unknown}
 g - a potion of mutation {unknown}


   Skills:
 + Level 3.5 Fighting
 * Level 2.5 Maces & Flails
 + Level 3.5 Armour
 + Level 3.5 Shields


You had one spell level left.
You didn't know any spells.
Your spell library contained the following spells:

 Spells                   Type           Power      Damage    Failure   Level
 Slow                     Hex            0%         N/A       85%         1
 Confusing Touch          Hex            0%         N/A       99%         3
 Sigil of Binding         Hex            0%         N/A       99%         3
 Vampiric Draining        Necr           0%         2d6       99%         3


Dungeon Overview and Level Annotations

Branches:
Dungeon (2/15)

Altars:
Kikubaaqudgha

Annotations:
D:2 Terence


Innate Abilities, Weirdness & Mutations

You are immune to sickness and miasma.
Your stone body is resilient. (AC +2)
You are immune to poison.
You resist negative energy. (rN+)
You are resistant to electric shocks. (rElec)
You are resistant to unholy torment.
You are immune to petrification.


Message History

You see here a frilled lizard corpse.
Terence the Incautious comes into view.
He is wielding a +3 short sword of venom.
Terence shouts!
You hear a shout!
A kobold comes into view. It is wielding a +0 whip.
Terence shouts, "Get ready for death!"
You sock Terence!
Terence is heavily wounded.
Terence barely misses you.
You completely miss Terence.
Terence is heavily wounded.
Terence hits you with a +3 short sword of venom.
Terence barely misses you.
You barely miss Terence.
Terence is heavily wounded.
Terence completely misses you.
You completely miss Terence.
Terence is heavily wounded.
Terence hits you with a +3 short sword of venom.
You barely miss Terence.
Terence is heavily wounded.
Terence barely misses you. Terence hits you but does no damage.
You closely miss Terence.
Terence is heavily wounded.
Terence hits you with a +3 short sword of venom!
* * * LOW HITPOINT WARNING * * *
You closely miss Terence.
Terence is heavily wounded.
Terence hits you but does no damage.
You hit Terence.
Terence is severely wounded.
Terence hits you with a +3 short sword of venom.
* * * LOW HITPOINT WARNING * * *
Terence hits you but does no damage.
You barely miss Terence.
Terence is severely wounded.
Terence barely misses you.
You hit Terence but do no damage.
Terence is severely wounded.
Terence hits you with a +3 short sword of venom.
You die...

... ..#
.._.. ..#.#
..... ..#.#
# ...###.#..
.#
....#.#.##..
#.#.#.#...
#.#...#.#
#.###...#
#....<.@#
#######@#
.K.. ##.##.#
... .. ..#
## ... ..##


You could see Terence and a kobold.

Vanquished Creatures
  A dart slug (D:1)
  2 ball pythons
  2 bats (D:1)
  4 endoplasms (D:1)
  A giant cockroach (D:1)
  A hobgoblin (D:1)
  A quokka (D:1)
  4 frilled lizards
  2 rats (D:1)
18 creatures vanquished.

Notes
Turn   | Place    | Note
-------+----------+-------------------------------------------
     0 | D:1      | FakeRyeBread the Gargoyle Fighter began the quest for the
                  | Orb.
     0 | D:1      | Reached XP level 1. HP: 14/14 MP: 1/1
   213 | D:1      | Reached XP level 2. HP: 17/19 MP: 2/2
   749 | D:2      | Found an ancient bone altar of Kikubaaqudgha.
   765 | D:2      | Noticed Terence
   777 | D:2      | Slain by Terence

Illustrated notes

Levels and vault maps discovered:
D:1:      mrwooster_arrival_statue_3, layout_loops_ring
D:2:      layout_basic, basic_altar, uniq_natasha, uniq_terence,
          uniq_crazy_yiuf_cottage, uniq_robin

Action                     || total
---------------------------++-------
  Melee: Flail             ||    76
 Armour: Scale mail        ||    55
  Dodge: Dodged            ||    44
  Block: Buckler           ||    15

Table legend: (Time is in decaauts)
 A = Elapsed time spent in this place.
 B = Non-inter-level travel time spent in this place.
 C = Inter-level travel time spent in this place.
 D = Time resting spent in this place.
 E = Time spent auto-exploring this place.
 F = Levels seen in this place.
 G = Mean time per level.
                   A        B        C        D        E       F      G
               +--------+--------+--------+--------+--------+-----+--------+
         Total |    799 |    754 |     45 |      0 |    545 |   2 |  399.5 |
       Dungeon |    799 |    754 |     45 |      0 |    545 |   2 |  399.5 |
               +--------+--------+--------+--------+--------+-----+--------+

Top non-repeatable levels by time:
     D:1: 767 daAuts
     D:2: 32 daAuts
